 Dungeon Crawl Stone Soup version 0.18-a0-1485-g189885c (webtiles) character file.

6612 Tomstefer the Basher (level 10, -10/93 HPs)
             Began as a Minotaur Gladiator on Mar 3, 2016.
             Was a Priest of Okawaru.
             Mangled by Gastronok (23 damage)
             ... on level 9 of the Dungeon.
             The game lasted 00:21:18 (10320 turns).

Tomstefer the Basher (Minotaur Gladiator)          Turns: 10320, Time: 00:21:19

Health: -10/93     AC: 15    Str: 21    XL:     10   Next: 71%
Magic:  9/9        EV: 12    Int:  5    God:    Okawaru [***...]
Gold:   628        SH: 12    Dex: 13    Spells: 0 memorised, 9 levels left

rFire  . . .     SeeInvis .     G - +0 morningstar
rCold  . . .     Gourm    .     B - +2 chain mail "Lamocwya" {rPois MR- rCorr}
rNeg   . . .     Faith    .     k - +0 shield
rPois  +         Spirit   .     c - +0 hat
rElec  .         Dismiss  .     l - +2 cloak
rCorr  +         Reflect  .     (no gloves)
SustAt .         Harm     .     C - +0 pair of boots
MR     .....                    (no amulet)
Stlth  ..........               e - +4 ring of evasion
                                J - ring of resist corrosion

@: slowed, very slow, not resistant to hostile enchantments, extremely
unstealthy
A: retaliatory headbutt, horns 2, sense surroundings 1, wild magic 1
a: Heroism, Renounce Religion


You were on level 9 of the Dungeon.
You worshipped Okawaru.
Okawaru was most pleased with you.
You were not hungry.

You visited 2 branches of the dungeon, and saw 10 of its levels.
You also visited: Sewer and Ossuary.

You collected 628 gold pieces.

Inventory:

Hand Weapons
 a - a +0 flail
 G - a +0 morningstar (weapon)
Missiles
 d - 3 throwing nets (quivered)
Armour
 c - a +0 hat (worn)
 k - a +0 shield (worn)
 l - a +2 cloak (worn)
 B - the +2 chain mail "Lamocwya" (worn) {rPois MR- rCorr}
   (You found it on level 4 of the Dungeon)

   It protects you from poison.
   It affects your resistance to hostile enchantments.
   It protects you from acid and corrosion.
 C - a +0 pair of boots (worn)
Jewellery
 e - a +4 ring of evasion (right hand)
 n - a +5 ring of intelligence
 E - an uncursed ring of ice
 J - a ring of resist corrosion (left hand)
Wands
 N - a wand of teleportation (2/9)
 O - a wand of polymorph (13/24)
Scrolls
 m - 3 scrolls of remove curse
 o - a scroll of blinking
 t - 4 scrolls of teleportation
 y - 6 scrolls of identify
 F - a scroll of immolation
 H - 2 scrolls of enchant weapon
 I - a scroll of recharging
 M - a scroll of fog
Potions
 b - 2 potions of flight {unknown}
 g - 2 potions of resistance {unknown}
 i - a potion of ambrosia {unknown}
 j - 2 potions of mutation {unknown}
 p - 3 potions of degeneration {unknown}
 r - 4 potions of curing
 u - 2 potions of brilliance {unknown}
 v - 3 potions of agility
 w - 5 potions of lignification {unknown}
 x - 3 potions of haste {unknown}
 z - 4 potions of might
 A - 2 potions of magic {unknown}
 D - a potion of invisibility {unknown}
Comestibles
 f - 5 bread rations
 h - 14 fruits
 q - a beef jerky
 s - 7 meat rations
 K - a slice of pizza
 L - 8 chunks of flesh


   Skills:
 + Level 10.2 Fighting
 * Level 13.6 Maces & Flails
 - Level 2.0 Throwing
 - Level 2.6 Armour
 - Level 3.2 Dodging
 + Level 9.3 Shields


You had 9 spell levels left.
You didn't know any spells.

Dungeon Overview and Level Annotations

Branches:
Dungeon (9/15)             Temple (1/1) D:7            Lair (0/8) D:9
    Orc: D:9-12

Altars:
Ashenzari
Cheibriados
Dithmenos
Elyvilon
Fedhas
Gozag
Kikubaaqudgha
Makhleb
Nemelex Xobeh
Okawaru
Pakellas
Qazlal
Ru
Sif Muna
Trog
Vehumet
Xom
Yredelemnul
Zin
The Shining One
Lugonu

Shops:
D:8 =

Annotations:
D:9 Gastronok


Innate Abilities, Weirdness & Mutations

You reflexively headbutt those who attack you in melee.
You have a pair of horns on your head.
You passively map a small area around you.
Your spells are a little harder to cast, but a little more powerful.


Message History

You are too injured to fight recklessly!
You are too injured to fight recklessly!
You are too injured to fight recklessly!
You are too injured to fight recklessly!
You are too injured to fight recklessly!
You are too injured to fight recklessly!
You are too injured to fight recklessly!
Drink which item? (? for menu, Esc to quit)
You feel better.
Gastronok's eyestalks quiver as he mumbles some strange words.
You puncture Gastronok!
Gastronok is lightly wounded.
You block the bat's attack. You block Gastronok's attack.
You completely miss Gastronok. You headbutt Gastronok!
Gastronok is lightly wounded.
You block the bat's attack.
You puncture Gastronok!
Gastronok is moderately wounded.
The bat barely misses you. Gastronok bites you!!
You die...

, , , ..........#...* *
.............#* ,
.............##
...............
,.)............. ,, ,
............... , ,
..........w.........
...........@........, ,
.................... , ,
......≈...b......... , ,
...≈≈...#........... , ,,
, ≈.≈.≈≈..##..........
.≈≈≈≈≈....#..........
≈≈≈≈≈≈..÷..#†)....... ,
≈≈≈≈≈≈≈≈≈...^........ ,
≈≈≈,≈.≈.≈≈≈≈≈#...........
,,


You could see Gastronok and a bat.

Vanquished Creatures
  Pikel (D:7)
  Joseph (D:7)
  2 trolls (D:9)
  A two-headed ogre (D:9)
  Grinder (D:6)
  Prince Ribbit (D:9)
  Sigmund (D:4)
  Eustachio (D:5)
  A hippogriff (D:8)
  Grum (D:9)
  5 wolves (D:9)
  2 black bears
  3 ice beasts
  A phantom (D:5)
  2 ogres
  2 centaurs
  The ghost of Amnesiac the Digger, an amateur FoEE (D:3)
  The ghost of Amnesiac the Sneak, an amateur FoEE (D:4)
  4 giant frogs
  3 elf skeletons (D:8)
  2 scorpions
  5 killer bees
  An electric eel (D:9)
  7 howler monkeys
  A giant frog zombie (D:9)
  3 crimson imps
  A wasp zombie (D:8)
  2 centaur skeletons
  3 orc priests
  Crazy Yiuf (D:4)
  A centaur zombie (D:7)
  6 hounds
  5 iguanas
  6 worker ants
  Natasha (D:4)
  13 orc wizards
  8 mummies (Ossuary)
  9 adders
  A river rat (D:4)
  A shadow imp (D:6)
  An ooze (D:1)
  An adder zombie (D:6)
  A worm (D:1)
  2 dart slugs
  6 giant geckos
  26 orcs
  4 giant cockroaches
  2 gnoll zombies (Ossuary)
  11 goblins
  7 hobgoblins
  14 jackals
  A quokka (D:7)
  6 ball pythons
  8 bats
  2 giant gecko skeletons
  A giant gecko zombie (D:6)
  11 giant newts
  2 hobgoblin zombies (Ossuary)
  A jackal skeleton (D:9)
  6 kobolds
  3 kobold zombies (Ossuary)
  2 orc skeletons (D:8)
  2 orc zombies
  A quokka zombie (D:8)
  12 rats
  A bush (D:1)
246 creatures vanquished.

Vanquished Creatures (others)
  A slave (D:7)
1 creature vanquished.

Grand Total: 247 creatures vanquished

Notes
Turn   | Place    | Note
--------------------------------------------------------------
     0 | D:1      | Tomstefer the Minotaur Gladiator began the quest for the Orb.
     0 | D:1      | Reached XP level 1. HP: 18/18 MP: 0/0
   330 | D:1      | Reached skill level 4 in Maces & Flails
   355 | D:1      | Reached XP level 2. HP: 25/25 MP: 1/1
   741 | D:1      | Reached XP level 3. HP: 21/31 MP: 2/2
   961 | D:2      | Found a stormy altar of Qazlal.
   965 | D:2      | Found a blossoming altar of Fedhas.
  1089 | D:2      | Found an oddly glowing altar of Pakellas.
  1111 | D:2      | Reached skill level 1 in Armour
  1214 | D:2      | Found a sacrificial altar of Ru.
  1225 | D:2      | Reached skill level 5 in Maces & Flails
  1225 | D:2      | Reached XP level 4. HP: 36/38 MP: 3/3
  1575 | D:3      | Noticed Amnesiac's ghost (amateur FoEE)
  1597 | D:3      | Killed Amnesiac's ghost
  1597 | D:3      | Reached XP level 5. HP: 40/46 MP: 4/4
  1641 | D:3      | Found a radiant altar of Vehumet.
  1808 | D:3      | Reached skill level 6 in Maces & Flails
  2168 | D:4      | Reached skill level 1 in Shields
  2168 | D:4      | Reached XP level 6. HP: 29/53 MP: 5/5
  2484 | D:4      | Noticed a troll
  2732 | D:4      | Gained mutation: You passively map a small area around you. [potion of beneficial mutation]
  2990 | D:4      | Gained mutation: Your spells are a little harder to cast, but a little more powerful. [potion of beneficial mutation]
  3052 | D:4      | Found a glowing drain.
  3089 | Sewer    | Entered a sewer
  3696 | D:4      | Noticed Natasha
  3707 | D:4      | Killed Natasha
  3842 | D:4      | Reached skill level 5 in Fighting
  3846 | D:4      | Reached skill level 7 in Maces & Flails
  3907 | D:4      | Noticed Amnesiac's ghost (amateur FoEE)
  3923 | D:4      | Killed Amnesiac's ghost
  3923 | D:4      | Reached XP level 7. HP: 61/61 MP: 6/6
  4112 | D:4      | Noticed Sigmund
  4127 | D:4      | Killed Sigmund
  4131 | D:4      | Got a slimy chain mail
  4142 | D:4      | Identified the +2 chain mail "Lamocwya" {rPois MR- rCorr} (You found it on level 4 of the Dungeon)
  4177 | D:4      | Noticed Crazy Yiuf
  4186 | D:4      | Killed Crazy Yiuf
  4518 | D:5      | Entered Level 5 of the Dungeon
  4532 | D:5      | Reached skill level 8 in Maces & Flails
  4638 | D:5      | Noticed Eustachio
  5110 | D:5      | Killed Eustachio
  5110 | D:5      | Reached XP level 8. HP: 47/70 MP: 7/7
  5617 | D:5      | Reached skill level 9 in Maces & Flails
  5823 | D:5      | Found a glowing golden altar of the Shining One.
  6424 | D:6      | Reached skill level 5 in Shields
  6646 | D:6      | Noticed Grinder
  6652 | D:6      | Killed Grinder
  6652 | D:6      | Reached skill level 10 in Maces & Flails
  7147 | D:7      | Found a snail-covered altar of Cheibriados.
  7148 | D:7      | Found a deep blue altar of Sif Muna.
  7148 | D:7      | Found an opulent altar of Gozag.
  7148 | D:7      | Found a shimmering altar of Xom.
  7149 | D:7      | Found a burning altar of Makhleb.
  7149 | D:7      | Found a glowing silver altar of Zin.
  7149 | D:7      | Found a white marble altar of Elyvilon.
  7197 | D:7      | Reached XP level 9. HP: 78/80 MP: 8/8
  7271 | D:7      | Noticed Pikel
  7272 | D:7      | Noticed Joseph
  7280 | D:7      | Killed Pikel
  7280 | D:7      | Reached skill level 11 in Maces & Flails
  7291 | D:7      | Killed Joseph
  7983 | D:7      | Found a shattered altar of Ashenzari.
  8244 | D:7      | Found a staircase to the Ecumenical Temple.
  8351 | Temple   | Entered the Ecumenical Temple
  8369 | Temple   | Became a worshipper of Warmaster Okawaru
  8697 | D:8      | Found a sand-covered staircase.
  8705 | Ossuary  | Entered an ossuary
  8935 | D:8      | Reached skill level 12 in Maces & Flails
  9153 | D:8      | Reached * piety under Okawaru
  9217 | D:8      | Found Bumiuttioso's Jewellery Shoppe.
  9282 | D:8      | Reached XP level 10. HP: 91/91 MP: 9/9
  9705 | D:9      | Noticed Grum
  9725 | D:9      | Killed Grum
  9804 | D:9      | Noticed Prince Ribbit
  9814 | D:9      | Killed Prince Ribbit
  9814 | D:9      | Reached ** piety under Okawaru
  9866 | D:9      | Reached skill level 13 in Maces & Flails
  9902 | D:9      | Reached skill level 10 in Fighting
 10061 | D:9      | Reached *** piety under Okawaru
 10141 | D:9      | Found a staircase to the Lair.
 10311 | D:9      | Noticed Gastronok
 10320 | D:9      | Mangled by Gastronok

Vault maps used:
D:1:      ncdulo_smallfort, serial_glass, glass_columns_a, glass_columns_b,
          st_stairs_4, lexackson_kobold_supper
D:2:      grunt_temple_overflow_forces_of_nature, lemuel_crystal_altar,
          nicolae_ru_great_annihilating_truth
D:3:      vehumet_crystals
D:4:      portal_sewer_entry_a, first_bread, corexii_checkpoint_a,
          nicolae_zen_rock_garden, uniq_natasha, uniq_crazy_yiuf_cottage,
          uniq_sigmund
D:5:      tso_oasis_becter, minmay_crystal_water, uniq_eustachio
D:6:      uniq_grinder
D:7:      kennysheep_little_box, grunt_temple_overflow_open,
          minmay_temple_entry_poolview, grunt_ministairs_9, uniq_pikel,
          uniq_joseph
D:8:      nicolae_ossuary_entry_catacombs, serial_shops,
          nicolae_shop_statue_plus, serial_glass, glass_columns_a,
          glass_columns_a
D:9:      erik_lair_island, uniq_grum, uniq_prince_ribbit1, uniq_gastronok
Temple:   corrupted_temple
Sewer:    sewer_co_cracked_pipes
Ossuary:  ossuary_tomb_3

Skill      XL: |  1  2  3  4  5  6  7  8  9 10 |
---------------+-------------------------------+-----
Maces & Flails | 4 5 6 7 8 10 12 13 | 13.6
Fighting       | 3 4 5 6 7 9 10 | 10.2
Armour         | 1 2 |  2.6
Shields        | 1 2 4 5 7 9 |  9.3
Throwing       | |  2.0
Dodging        | |  3.2

Action                   |  1- 3 |  4- 6 |  7- 9 | 10-12 || total
-------------------------+-------+-------+-------+-------++-------
Melee: Flail             |   139 |    13 |       |       ||   152
       Whip              |       |   199 |   213 |       ||   412
       Morningstar       |       |       |   240 |   163 ||   403
Invok: Heroism           |       |       |       |     1 ||     1
  Use: Scroll            |       |     8 |    10 |       ||    18
       Potion            |       |     3 |     3 |     1 ||     7
 Stab: Paralysed         |     1 |       |       |       ||     1
  Eat: Chunk             |     1 |     5 |    10 |     3 ||    19
       Bread ration      |       |     1 |     2 |       ||     3
